 Dungeon Crawl Stone Soup version 0.30-a0-702-gdf48620a09 (webtiles) character file.

Game seed: 9145963770242290835

284 acebull12 the Covert (level 6, -12/29 (30) HPs)
             Began as a Spriggan Brigand on Jan 21, 2023.
             Killed by divine providence
             ... invoked by an orc priest
              (14 damage)
             ... on level 4 of the Dungeon.
             The game lasted 00:06:50 (3307 turns).

acebull12 the Covert (Spriggan Brigand)             Turns: 3307, Time: 00:06:51

HP:   -12/29 (30)   AC:  5    Str:  7    XL:     6   Next: 7%
MP:   7/7           EV: 18    Int: 12    God:
Gold: 234           SH:  0    Dex: 19    Spells: 5/5 levels left

rFire   + . .      SeeInvis +    a - +2 dagger
rCold   . . .      Faith    .    (no shield)
rNeg    + . .      Spirit   .    x - +2 robe {rF+}
rPois   .          Reflect  .    (helmet restricted)
rElec   .          Harm     .    c - +0 cloak
rCorr   +          Rampage  .    (gloves unavailable)
Will    +....                    (boots unavailable)
Stlth   ++++                     (no amulet)
HPRegen 0.24/turn                k - ring of resist corrosion
MPRegen 0.10/turn                u - ring of positive energy

@: lightly drained, very quick
A: very small, no large weapons, unfitting armour, see invisible, speed 3
a: no special abilities


You were on level 4 of the Dungeon.
You visited 1 branch of the dungeon, and saw 4 of its levels.

You collected 234 gold pieces.

Inventory:

Hand Weapons
 a - a +2 dagger (weapon)
 z - a +0 rapier
Missiles
 d - 21 poisoned darts (quivered)
 e - 3 curare-tipped darts
 h - 35 stones
 p - 6 atropa-tipped darts
Armour
 b - a +0 robe
 c - a +0 cloak (worn)
 x - a +2 robe of fire resistance (worn)
Jewellery
 k - a ring of resist corrosion (left hand)
 u - a ring of positive energy (right hand)
Wands
 r - a wand of acid (10)
Scrolls
 g - 2 scrolls of identify {unknown}
 j - 4 scrolls of blinking {unknown}
 n - 3 scrolls of fog {unknown}
 o - a scroll of amnesia {unknown}
 s - a scroll of brand weapon {unknown}
 y - a scroll of immolation {unknown}
Potions
 f - 4 potions of curing {unknown}
 i - a potion of ambrosia {unknown}
 l - a potion of invisibility {unknown}
 m - a potion of lignification {unknown}
 q - a potion of might {unknown}
 t - a potion of brilliance {unknown}
 v - a potion of attraction {unknown}
 w - a potion of heal wounds {unknown}
 A - 2 potions of mutation {unknown}


   Skills:
 + Level 1.8 Fighting
 * Level 4.7 Short Blades
 + Level 2.0 Throwing
 * Level 3.4 Dodging
 * Level 8.4 Stealth


You had 5 spell levels left.
You didn't know any spells.
Your spell library contained the following spells:

 Spells                   Type           Power      Damage    Failure   Level
 Apportation              Tloc           0%         N/A       32%         1
 Beastly Appendage        Tmut           0%         N/A       32%         1
 Necrotise                Necr           0%         1d4       32%         1
 Summon Small Mammal      Summ           0%         N/A       32%         1
 Wereblood                Tmut           0%         N/A       45%         2
 Kindle Blastsparks       Fire/Tloc/Air  0%         2d10      69%         3
 Spider Form              Tmut/Pois      0%         N/A       69%         3
 Fulminant Prism          Conj/Hex       0%         3d5       97%         4
 Iskenderun's Mystic Bla  Conj/Tloc      0%         2d3       97%         4
 Lee's Rapid Deconstruct  Erth           0%         3d4*      100%        5


Dungeon Overview and Level Annotations

Branches:
Dungeon (4/15)
 Temple: D:4-7

Altars:
Fedhas
Hepliaklqana

Shops:
D:3 ?


Innate Abilities, Weirdness & Mutations

You are very small and have problems with some larger weapons.
You are too small for most types of armour.
You have supernaturally acute eyesight. (SInv)
You cover ground extremely quickly. (Speed+++)


Message History

The orc priest closely misses you. The orc closely misses you.
You hit the orc priest.
You kill the orc priest!
You have reached level 6!
There is an open door here.
There is an open door here.
There is a stone staircase leading up here.
You climb upwards.
There is a stone staircase leading down here.
There is an open door here.
HP restored.
There is a stone staircase leading down here.
You climb downwards.
There is a stone staircase leading up here.
You see here a +0 falchion.
An orc priest comes into view.
It is wielding a +0 hand axe. 2 orcs come into view.
An orc priest comes into view. It is wielding a +0 club.
The orc shouts!
The orc priest shouts!
The orc shouts!
You hear a shout!
The orc priest mumbles some strange prayers to Beogh against you.
Beogh smites you!
Ouch! That really hurt!
You barely miss the orc priest. The orc priest misses you.
You hit the orc priest.
The orc priest is moderately wounded.
The orc completely misses you.
The orc priest hits you with a +0 hand axe.
You hit the orc priest.
The orc priest is heavily wounded.
You hit the orc priest.
The orc priest is severely wounded.
The orc misses you. The orc priest misses you.
An orc wizard comes into view. It is wielding a +0 dagger.
The orc priest invokes the aid of Beogh against you.
Beogh smites you!
* * * LOW HITPOINT WARNING * * *
The orc priest mumbles some strange prayers to Beogh against you.
Beogh smites you!
You die...

#.....# ##.......
#.....o## #.........
#......o# #.........
#.......## #..........
#......o.# #...........
#......o.# #...........
#........# ##...........
##.......###............
#.....@.##...........:#
#..........##.........#
##........###........##
#.....<.## ##.....)..#
###.......## #.....##+#
##....####..# #.....##.#
#..#### ##.# ####.##...
##..### #.## #.'..⌠.
##..).#####..# ####...


You could see 2 orc priests and 2 orcs.

Vanquished Creatures
  A scorpion (D:4)
  An orc priest (D:4)
  Terence (D:3)
  Natasha (twice) (D:2)
  3 adders
  An adder zombie (D:2)
  2 worms (D:2)
  3 dart slugs (D:2)
  10 orcs
  2 endoplasms
  2 giant cockroaches
  7 goblins
  7 hobgoblins
  7 kobolds
  A quokka (D:2)
  6 ball pythons
  A ball python zombie (D:2)
  4 bats
  2 frilled lizards
  A quokka skeleton (D:2)
  8 rats
72 creatures vanquished.

Notes
Turn   | Place    | Note
-------+----------+-------------------------------------------
     0 | D:1      | acebull12 the Spriggan Brigand began the quest for the Orb.
     0 | D:1      | Reached XP level 1. HP: 10/10 MP: 2/2
    78 | D:1      | Reached skill level 6 in Stealth
   177 | D:1      | Reached XP level 2. HP: 14/14 MP: 3/3
   864 | D:2      | Reached skill level 7 in Stealth
   873 | D:2      | Reached XP level 3. HP: 18/18 MP: 4/4
  1189 | D:2      | Noticed Natasha
  1206 | D:2      | Killed Natasha
  1207 | D:2      | Reached XP level 4. HP: 3/23 MP: 5/5
  1579 | D:2      | Noticed Natasha
  1604 | D:2      | Killed Natasha
  1861 | D:3      | Noticed Terence
  1868 | D:3      | Killed Terence
  1896 | D:2      | Reached XP level 5. HP: 20/26 MP: 6/6
  2034 | D:3      | Reached skill level 8 in Stealth
  2310 | D:3      | Found Jihinn's Magic Scroll Boutique.
  2530 | D:3      | Found a blossoming altar of Fedhas.
  2554 | D:3      | Found a hazy altar of Hepliaklqana.
  3198 | D:4      | Reached XP level 6. HP: 23/29 MP: 7/7
  3307 | D:4      | Killed from afar by an orc priest

Illustrated notes

Levels and vault maps discovered:
D:1:      lordsloth_arrival_two_stooges, layout_basic
D:2:      layout_rooms, serial_undead, serial_undead_e, serial_undead_d,
          serial_undead_d, serial_undead_d, uniq_natasha
D:3:      layout_basic, chequers_temple_overflow_statue_of_worship,
          serial_shops, nicolae_shop_temple_entry_statues_fountains,
          uniq_terence
D:4:      minmay_goblin_kobold_castle, layout_cave_pods, trog_ov_bears_minmay,
          dk_noncrumbling_4, nicolae_hexahallways, minmay_unequal

Skill      XL: |  1  2  3  4  5 |
---------------+----------------+-----
Stealth        | 6 7 8 |  8.4
Dodging        | 2 3 |  3.4
Short Blades   | 3 4 |  4.7
Fighting       | |  1.8
Throwing       | |  2.0

Action                   |  1- 3 |  4- 6 || total
-------------------------+-------+-------++-------
Melee: Dagger            |   120 |   190 ||   310
       Punch             |       |     2 ||     2
 Stab: Sleeping          |    18 |     6 ||    24
Armor: Robe              |     8 |    10 ||    18
Dodge: Dodged            |    53 |   104 ||   157

Table legend: (Time is in decaauts)
 A = Elapsed time spent in this place.
 B = Non-inter-level travel time spent in this place.
 C = Inter-level travel time spent in this place.
 D = Time resting spent in this place.
 E = Time spent auto-exploring this place.
 F = Levels seen in this place.
 G = Mean time per level.
                   A        B        C        D        E       F      G
               +--------+--------+--------+--------+--------+-----+--------+
         Total |   2364 |   2144 |    220 |    477 |    981 |   4 |  591.0 |
       Dungeon |   2364 |   2144 |    220 |    477 |    981 |   4 |  591.0 |
               +--------+--------+--------+--------+--------+-----+--------+

Top non-repeatable levels by time:
     D:2: 854 daAuts
     D:3: 732 daAuts
     D:1: 530 daAuts
     D:4: 247 daAuts
